 Dungeon Crawl Stone Soup version 0.26-a0-466-g989023bd0d (webtiles) character file.

Game seed: 5330224028700110688

93 Infinimo the Skirmisher (level 4, 0/29 HPs)
             Began as a Gargoyle Fighter on July 29, 2020.
             Killed from afar by an orc wizard (7 damage)
             ... with a magic dart
             ... on level 3 of the Dungeon.
             The game lasted 00:01:20 (2143 turns).

Infinimo the Skirmisher (Gargoyle Fighter)          Turns: 2143, Time: 00:01:20

Health: 0/29       AC: 11    Str: 19    XL:     4   Next: 61%
Magic:  4/4        EV:  7    Int:  9    God:
Gold:   91         SH:  0    Dex: 10    Spells: 3/3 levels left

rFire    . . .     SeeInvis .   a - +0 flail
rCold    . . .     Faith    .   c - +0 kite shield
rNeg     + . .     Spirit   .   b - +0 scale mail
rPois    ∞         Reflect  .   (no helmet)
rElec    +         Harm     .   (no cloak)
rCorr    .                      (no gloves)
MR       .....                  q - +0 pair of boots
Stlth    ..........             (no amulet)
HPRegen  0.09/turn              (no ring)
MPRegen  0.09/turn              (no ring)

@: confused, flying
A: negative energy resistance 1, electricity resistance, unbreathing,
petrification resistance, rot immunity, AC +3
a: no special abilities


You were on level 3 of the Dungeon.
You visited 1 branch of the dungeon, and saw 3 of its levels.

You collected 91 gold pieces.

Inventory:

Hand Weapons
 a - a +0 flail (weapon)
Armour
 b - a +0 scale mail (worn)
 c - a +0 kite shield (worn)
 q - a +0 pair of boots (worn)
Jewellery
 k - an uncursed amulet of regeneration {unknown}
 m - an uncursed ring of poison resistance {unknown}
 n - a +4 ring of protection {unknown}
Scrolls
 e - a scroll of enchant armour {unknown}
 h - a scroll of amnesia {unknown}
 l - a scroll of enchant weapon {unknown}
 o - a scroll of fog {unknown}
 p - 2 scrolls of identify {unknown}
 s - 2 scrolls of blinking {unknown}
 t - 2 scrolls of teleportation {unknown}
 u - a scroll of remove curse {unknown}
Potions
 d - a potion of might
 g - a potion of lignification {unknown}
 i - 2 potions of stabbing {unknown}
 j - a potion of curing {unknown}
 r - a potion of ambrosia {unknown}


   Skills:
 + Level 3.9 Fighting
 * Level 3.2 Maces & Flails
 + Level 3.9 Armour
 + Level 3.9 Shields


You had 3 spell levels left.
You didn't know any spells.
Your spell library was empty.

Dungeon Overview and Level Annotations

Branches:
Dungeon (3/15)

Altars:
Dithmenos
Xom


Innate Abilities, Weirdness & Mutations

You are resistant to torment.
Your stone body is resilient. (AC +3)
You are immune to poison.
You resist negative energy. (rN+)
You are resistant to electric shocks. (rElec)
You can survive without breathing.
You are immune to petrification.
You are immune to rotting.


Message History

You bump into the rock wall.
Something hits you.
* * * LOW HITPOINT WARNING * * *
You bump into the rock wall.
You bump into the rock wall.
You bump into the rock wall.
You bump into the rock wall.
You feel less confused.
You hear some strange, mumbled words.
You are confused.
You bump into the rock wall.
An orc wizard appears from thin air!
Reactivating autopickup.
You bump into the rock wall.
The orc wizard hits you with a +0 dagger.
* * * LOW HITPOINT WARNING * * *
It was a potion of flight.
You feel very buoyant.
You fly up into the air.
The orc wizard points at you and mumbles some strange words.
The magic dart hits you!
You die...

.........#
.........#
.........#
.........# ### #
.........# #.. .#
.......).# #.###.
.......†.# #.#..
.........####.#.#
#######...o@..#.#
#######.†.######
#.#<.....#
#.#......#
#.#).##..#
#[#......#
#.#...#.##
......# # .###..#


You could see an orc wizard.

Vanquished Creatures
  2 orc wizards (D:3)
  An ufetubus (D:2)
  A worm (D:2)
  An orc (D:3)
  2 bats (D:2)
  2 giant cockroaches
  6 goblins
  7 hobgoblins
  4 kobolds
  3 frilled lizards
  2 rats
31 creatures vanquished.

Notes
Turn   | Place    | Note
-------+----------+-------------------------------------------
     0 | D:1      | Infinimo the Gargoyle Fighter began the quest for the Orb.
     0 | D:1      | Reached XP level 1. HP: 14/14 MP: 1/1
   402 | D:1      | Reached XP level 2. HP: 19/19 MP: 2/2
   829 | D:1      | Found an ornate altar of the Wu Jian Council.
   831 | D:1      | Found a shimmering altar of Xom.
   831 | D:1      | Found a shadowy altar of Dithmenos.
   833 | D:1      | Found a shimmering altar of Xom.
   833 | D:1      | Found an ancient bone altar of Kikubaaqudgha.
   833 | D:1      | Found an opulent altar of Gozag.
  1549 | D:2      | Reached XP level 3. HP: 20/23 MP: 3/3
  2094 | D:3      | Reached XP level 4. HP: 27/29 MP: 4/4
  2143 | D:3      | Killed from afar by an orc wizard

Illustrated notes

Levels and vault maps discovered:
D:1:      dpeg_arrival_water_fire, layout_basic, doesnt_xom_only_xom
D:2:      layout_basic
D:3:      layout_basic, uniq_jessica

Skill      XL: |  1  2  3 |
---------------+----------+-----
Maces & Flails | 3 |  3.2
Fighting       | |  3.9
Armour         | |  3.9
Shields        | |  3.9

Action                   |  1- 3 |  4- 6 || total
-------------------------+-------+-------++-------
Melee: Flail             |    81 |    35 ||   116
  Use: Potion            |       |     1 ||     1
Armor: Scale mail        |    51 |    29 ||    80
Dodge: Dodged            |    29 |     7 ||    36
Block: Kite shield       |    54 |    10 ||    64

Table legend: (Time is in decaauts)
 A = Elapsed time spent in this place.
 B = Non-inter-level travel time spent in this place.
 C = Inter-level travel time spent in this place.
 D = Time resting spent in this place.
 E = Time spent auto-exploring this place.
 F = Levels seen in this place.
 G = Mean time per level.
                   A        B        C        D        E       F      G
               +--------+--------+--------+--------+--------+-----+--------+
         Total |   2183 |   2025 |    158 |      0 |   1762 |   3 |  727.7 |
       Dungeon |   2183 |   2025 |    158 |      0 |   1762 |   3 |  727.7 |
               +--------+--------+--------+--------+--------+-----+--------+

Top non-repeatable levels by time:
     D:1: 1180 daAuts
     D:2: 912 daAuts
     D:3: 91 daAuts
